 Dungeon Crawl Stone Soup version 0.27.1 (webtiles) character file.

Game seed: 17042637281621710634

18 SeanNever the Poker (level 2, 0/23 HPs)
             Began as a Merfolk Gladiator on Sept 1, 2021.
             Slain by a jackal (2 damage)
             ... on level 2 of the Dungeon.
             The game lasted 00:03:03 (603 turns).

SeanNever the Poker (Merfolk Gladiator)              Turns: 603, Time: 00:03:04

Health: 0/23       AC:  6    Str: 14    XL:     2   Next: 66%
Magic:  2/2        EV: 12    Int:  7    God:
Gold:   43         SH:  0    Dex: 15    Spells: 1/1 levels left

rFire    . . .     SeeInvis .   a - +0 trident
rCold    . . .     Faith    .   (no shield)
rNeg     . . .     Spirit   .   g - +0 ring mail
rPois    .         Reflect  .   c - +0 helmet
rElec    .         Harm     .   (no cloak)
rCorr    .         Rampage  .   (no gloves)
Will     .....                  (no boots)
Stlth    +.........             (no amulet)
HPRegen  0.07/turn              (no ring)
MPRegen  0.08/turn              (no ring)

@: attractive
A: (nimble swimmer 2), mertail
a: no special abilities


You were on level 2 of the Dungeon.
You visited 1 branch of the dungeon, and saw 2 of its levels.

You collected 43 gold pieces.

Inventory:

Hand Weapons
 a - a +0 trident (weapon)
Missiles
 d - 3 throwing nets (quivered)
Armour
 b - a +0 leather armour
 c - a +0 helmet (worn)
 g - a +0 ring mail (worn)
Scrolls
 e - 2 scrolls of teleportation {unknown}
Potions
 f - a potion of attraction


   Skills:
 + Level 2.5 Fighting
 + Level 4.6 Polearms
 + Level 2.2 Throwing
 + Level 0.2 Armour
 + Level 4.4 Dodging


You had one spell level left.
You didn't know any spells.
Your spell library was empty.

Dungeon Overview and Level Annotations

Branches:
Dungeon (2/15)

Altars:

Shops:
D:1 [


Innate Abilities, Weirdness & Mutations

((You are quick and stealthy near water. (Stealth+, EV+, Speed+++)))
Your lower body shifts to a powerful aquatic tail in water.


Message History

The jackal completely misses you. The kobold hits you but does no damage.
A frilled lizard comes into view.
The frilled lizard hisses angrily.
The endoplasm freezes you.
You are frozen.
The kobold barely misses you.
The jackal bites you but does no damage.
The kobold hits you but does no damage. The jackal closely misses you.
The jackal misses you. The endoplasm freezes you.
You are frozen.
* * * LOW HITPOINT WARNING * * *
The endoplasm hits you.
* * * LOW HITPOINT WARNING * * *
The kobold hits you with a +0 falchion.
* * * LOW HITPOINT WARNING * * *
The jackal bites you but does no damage.
The jackal closely misses you.
The jackal bites you but does no damage.
It was a potion of attraction.
You feel attractive to monsters.
The jackal bites you but does no damage. x2
The kobold misses you. The worm is pulled toward you!
The jackal bites you but does no damage.
The kobold hits you but does no damage. The worm is pulled toward you!
The endoplasm barely misses you. The jackal misses you.
The jackal closely misses you.
The frilled lizard is pulled toward you!
The jackal bites you.
* * * LOW HITPOINT WARNING * * *
The kobold barely misses you. The kobold misses you.
The jackal bites you but does no damage.
The worm closely misses you. The endoplasm is pulled toward you!
The endoplasm jiggles.
The endoplasm closely misses you. The worm is pulled toward you!
The jackal closely misses you. The endoplasm is pulled toward you!
The endoplasm is pulled toward you! The jackal bites you.
You die...

....###....>.....##.......#
......#..[......###.......#
..............### #.......#
..............# #.......#
#.............# #######.#
######........# #.#
#........# #.#
#......lJ###########.#
#......hwJh@.........#
######################


You could see a worm, 2 endoplasms, 2 jackals and a frilled lizard.

Vanquished Creatures
  A bat (D:2)
  2 hobgoblins
  A jackal (D:2)
  3 ball pythons
  2 frilled lizards (D:2)
  2 goblins
  9 rats (D:2)
20 creatures vanquished.

Notes
Turn   | Place    | Note
-------+----------+-------------------------------------------
     0 | D:1      | SeanNever the Merfolk Gladiator began the quest for the
                  | Orb.
     0 | D:1      | Reached XP level 1. HP: 16/16 MP: 1/1
    99 | D:1      | Found Uloiq's Antique Armour Boutique.
   328 | D:2      | Reached XP level 2. HP: 18/22 MP: 2/2
   603 | D:2      | Slain by a jackal

Illustrated notes

Levels and vault maps discovered:
D:1:      dpeg_arrival_pits, layout_basic, serial_shops,
          nicolae_shop_statue_plus, st_stairs_8
D:2:      layout_basic, minmay_rat_gold_closets

Action                   || total
-------------------------++-------
Melee: Trident           ||    57
  Use: Potion            ||     1
Armor: Ring mail         ||    30
Dodge: Dodged            ||    68
